 Dungeon Crawl Stone Soup version 0.29-a0-392-g297d3b089c (webtiles) character file.

Game seed: 1175259390168317810

271 quokkamancerX the Conjurer (level 6, -1/45 HPs)
             Began as a Draconian Conjurer on May 9, 2022.
             Was a Believer of Fedhas.
             Slain by an orc warrior
             ... wielding a +0 glaive
              (7 damage)
             ... on level 5 of the Dungeon.
             The game lasted 00:20:45 (5380 turns).

quokkamancerX the Conjurer (Draconian Conjurer)     Turns: 5380, Time: 00:20:45

Health: -1/45      AC: 10    Str:  9    XL:     6   Next: 2%
Magic:  11/11      EV: 12    Int: 21    God:    Fedhas [**....]
Gold:   130        SH:  0    Dex:  9    Spells: 9/12 levels left

rFire   . . .      SeeInvis .   t - +0 dagger (venom)
rCold   . . .      Faith    +   (no shield)
rNeg    . . .      Spirit   .   (body armour unavailable)
rPois   .          Reflect  .   (helmet restricted)
rElec   .          Harm     .   (no cloak)
rCorr   .          Rampage  .   (no gloves)
Will    .....                   (no boots)
Stlth   +.........              i - amulet of faith
HPRegen 0.15/turn               b - +4 ring of protection
MPRegen 0.12/turn               (no ring)

@: confused
A: AC +6, unfitting armour, cold-blooded, noise suppression
a: Renounce Religion, Wall of Briars


You were on level 5 of the Dungeon.
You worshipped Fedhas.
Fedhas was pleased with you.
You visited 1 branch of the dungeon, and saw 5 of its levels.

You collected 130 gold pieces.

Inventory:

Hand Weapons
 q - a +0 short sword of speed
 t - a +0 dagger of venom (weapon)
Missiles
 r - 4 poisoned darts
Jewellery
 b - a +4 ring of protection (left hand)
 i - an amulet of faith (around neck)
 v - a ring of fire
Scrolls
 c - 2 scrolls of fear {unknown}
 d - 2 scrolls of teleportation
 e - a scroll of brand weapon {unknown}
 f - a scroll of fog
 g - a scroll of noise {unknown}
 h - a scroll of blinking {unknown}
 j - 3 scrolls of poison
 s - 2 scrolls of identify {unknown}
 u - a scroll of magic mapping {unknown}
Potions
 a - 2 potions of magic
 k - a potion of degeneration {unknown}
 l - a potion of curing
 m - a potion of haste {unknown}
 n - a potion of brilliance {unknown}
 o - a potion of mutation
 p - a potion of attraction {unknown}


   Skills:
 - Level 1.7 Dodging
 - Level 1.7 Stealth
 + Level 3.9 Spellcasting
 - Level 6.0 Conjurations
 + Level 1.2 Hexes


You had 9 spell levels left.
You knew the following spells:

 Your Spells              Type           Power      Damage    Failure   Level
a - Magic Dart            Conj           100%       1d8       1%          1
b - Searing Ray           Conj           58%        2d6       1%          2

Your spell library contained the following spells:

 Spells                   Type           Power      Damage    Failure   Level
 Dazzling Flash           Conj/Hex       38%        N/A       9%          3
 Blink                    Tloc           8%         N/A       19%         2
 Fulminant Prism          Conj/Hex       9%         3d7       26%         4
 Iskenderun's Mystic Bla  Conj/Tloc      16%        2d5       34%         4
 Lesser Beckoning         Tloc           4%         N/A       36%         3
 Manifold Assault         Tloc           4%         N/A       98%         5
 Starburst                Conj/Fire      8%         6d4       99%         6


Dungeon Overview and Level Annotations

Branches:
Dungeon (5/15)
 Temple: D:4-7

Altars:
Dithmenos
Fedhas
Xom


Innate Abilities, Weirdness & Mutations

Your plain brown scales are hard. (AC +6)
You cannot fit into any form of body armour.
You are cold-blooded and may be slowed by cold attacks.
You passively dampen the noise of your surroundings.


Message History

The puff of flame hits you but does no damage.
The orc warrior barely misses you.
Okay, then.
It was a potion of mutation.
You feel extremely strange.
You feel your surroundings grow quieter.
The orc warrior hits you from afar with a +0 glaive!
The orc wizard attacks as you move away!
The orc wizard barely misses you.
The orc priest shouts!
The orc wizard hits you with a +0 dagger.
The orc warrior hits you with a +0 glaive.
You closely miss the orc warrior. The orc wizard casts a spell at you.
You are more confused.
The orc priest calls upon Beogh to heal the orc wizard.
The orc wizard's wounds heal themselves!
The orc warrior barely misses you.
You barely miss the orc warrior.
Your tail-slap misses the orc warrior.
The orc wizard hits you with a +0 dagger.
The orc warrior hits you with a +0 glaive!
You're too confused to move!
The orc wizard hits you but does no damage.
The orc wizard closely misses you.
The orc warrior hits you from afar with a +0 glaive.
It was a potion of curing.
You feel better. The orc wizard barely misses you.
The orc warrior hits you from afar with a +0 glaive!!
* * * LOW HITPOINT WARNING * * *
The orc wizard attacks as you move away!
The orc wizard hits you but does no damage.
The orc priest casts a cantrip, but nothing happens.
The orc wizard attacks as you move away!
The orc wizard closely misses you. The orc wizard casts a spell at you.
You are confused.
The orc wizard casts a spell at you. The magic dart hits you.
* * * LOW HITPOINT WARNING * * *
The orc warrior hits you from afar with a +0 glaive!
You die...
Fedhas appreciates your contribution to the ecosystem.

##########
#......)<#
#........# ####
#...>....#
.....#........#
.......@.[....#
###.###..##..##
#..##oo#####
#....o.(#
#.......#
#.......#
#.......#
#.......#
#......##


You could see an orc warrior, an orc priest and an orc wizard.

Vanquished Creatures
  An orc priest (D:5)
  3 orc wizards
  A gnoll (D:4)
  3 adders
  2 dart slugs (D:1)
  8 orcs
  9 ball pythons
  4 bats
  5 endoplasms
  4 giant cockroaches (D:1)
  2 goblins
  4 hobgoblins
  17 jackals
  3 quokkas
  A frilled lizard (D:3)
  8 kobolds
  7 rats
82 creatures vanquished.

Vanquished Creatures (collateral kills)
  An iguana (D:4)
  An orc (D:4)
  A kobold (D:4)
3 creatures vanquished.

Grand Total: 85 creatures vanquished

Notes
Turn   | Place    | Note
-------+----------+-------------------------------------------
     0 | D:1      | quokkamancerX the Draconian Conjurer began the quest for
                  | the Orb.
     0 | D:1      | Reached XP level 1. HP: 14/14 MP: 3/3
    10 | D:1      | Noticed a bullfrog
   516 | D:1      | Reached XP level 2. HP: 20/20 MP: 3/5
   721 | D:1      | Found a faded altar of an unknown god.
  1064 | D:1      | Reached XP level 3. HP: 26/26 MP: 3/6
  1538 | D:2      | Found a blossoming altar of Fedhas.
  1653 | D:2      | Became a worshipper of Fedhas Madash
  1921 | D:2      | Reached skill level 5 in Conjurations
  2305 | D:2      | Reached XP level 4. HP: 33/33 MP: 2/8
  2358 | D:2      | Learned a level 2 spell: Searing Ray
  2609 | D:3      | Reached * piety under Fedhas
  3039 | D:3      | Found an opulent altar of Gozag.
  3041 | D:3      | Found a stormy altar of Qazlal.
  3041 | D:3      | Found a white marble altar of Elyvilon.
  3043 | D:3      | Found a shimmering altar of Xom.
  3043 | D:3      | Found a basalt altar of Yredelemnul.
  3043 | D:3      | Found a shimmering altar of Xom.
  3094 | D:3      | Found a shadowy altar of Dithmenos.
  3871 | D:4      | Identified the +6 mace "Imp's Funeral" {pain, *Noise Will+
                  | Stlth+}
  4190 | D:4      | Reached ** piety under Fedhas
  4399 | D:4      | Reached XP level 5. HP: 38/38 MP: 1/9
  4458 | D:4      | Reached skill level 6 in Conjurations
  4929 | D:5      | Entered Level 5 of the Dungeon
  4929 | D:5      | Noticed an ice beast
  5270 | D:5      | Reached skill level 1 in Hexes
  5270 | D:5      | Reached XP level 6. HP: 34/45 MP: 4/11
  5359 | D:5      | Noticed an orc warrior
  5368 | D:5      | Gained mutation: You passively dampen the noise of your
                  | surroundings. [potion of mutation]
  5380 | D:5      | Slain by an orc warrior

Illustrated notes

Levels and vault maps discovered:
D:1:      evilmike_arrival_come_back, layout_loops_ring,
          nicolae_ecumenical_lake_church
D:2:      layout_basic, basic_altar
D:3:      layout_loops_cross, doesnt_xom_only_xom, mainiacjoe_overflow_catwalk
D:4:      layout_basic
D:5:      layout_gridville, lemuel_tele_altar, abandoned_shop

Skill      XL: |  1  2  3  4  5 |
---------------+----------------+-----
Conjurations   | 5 6 |  6.0
Spellcasting   | 3 |  3.9
Hexes          | 1 |  1.2
Dodging        | |  1.7
Stealth        | |  1.7

Action                   |  1- 3 |  4- 6 || total
-------------------------+-------+-------++-------
Melee: Dagger            |    47 |    30 ||    77
       Tailslap          |     6 |     3 ||     9
       Short sword       |       |     8 ||     8
       Punch             |       |     2 ||     2
 Cast: Magic Dart        |    86 |    77 ||   163
       Searing Ray       |       |     2 ||     2
Invok: Wall of Briars    |       |     1 ||     1
  Use: Scroll            |       |     3 ||     3
       Potion            |       |     2 ||     2
Armor: Skin              |    23 |    28 ||    51
Dodge: Dodged            |    48 |    39 ||    87

Table legend: (Time is in decaauts)
 A = Elapsed time spent in this place.
 B = Non-inter-level travel time spent in this place.
 C = Inter-level travel time spent in this place.
 D = Time resting spent in this place.
 E = Time spent auto-exploring this place.
 F = Levels seen in this place.
 G = Mean time per level.
                   A        B        C        D        E       F      G
               +--------+--------+--------+--------+--------+-----+--------+
         Total |   5386 |   5047 |    339 |   1751 |   1551 |   5 | 1077.2 |
       Dungeon |   5386 |   5047 |    339 |   1751 |   1551 |   5 | 1077.2 |
               +--------+--------+--------+--------+--------+-----+--------+

Top non-repeatable levels by time:
     D:4: 1540 daAuts
     D:1: 1540 daAuts
     D:2: 1106 daAuts
     D:3: 1065 daAuts
     D:5: 133 daAuts
